 Dungeon Crawl Stone Soup version 0.16.1-16-gc44b35d (webtiles) character file.

220 jacksonaction the Changer (level 5, 0/33 HPs)
             Began as an Octopode Transmuter on Apr 20, 2015.
             Slain by a giant frog (7 damage)
             ... in a sewer.
             The game lasted 00:18:28 (3316 turns).

jacksonaction the Changer (Octopode Transmuter)     Turns: 3316, Time: 00:18:28

Health: 0/33       AC:  1    Str: 10    XL:     5   Next: 97%
Magic:  9/9        EV: 12    Int: 16    God:
Gold:   78         SH:  0    Dex: 12    Spells: 3 memorised, 0 levels left

rFire  . . .     SeeInvis .     u - +0 blowgun
rCold  . . .     Clarity  .     (no shield)
rNeg   . . .     SustAb   .     (helmet restricted)
rPois  .         Gourm    .     (no amulet)
rElec  .         Spirit   .     (no ring)
rCorr  .         Warding  .     (no ring)
rMut   .         Stasis   .     (no ring)
MR     .....                    (no ring)
Stlth  +++.......               (no ring)
                                (no ring)
                                (no ring)
                                (no ring)

@: very slightly contaminated, hasted, very quick, not resistant to hostile
enchantments, fairly stealthy
A: almost no armour, amphibious, 8 rings, constrict 8, camouflage 1, gelatinous
body 1
a: no special abilities


You were in a sewer.
You were not hungry.

You visited 1 branch of the dungeon, and saw 3 of its levels.
You also visited: Sewer.

You collected 78 gold pieces.

Inventory:

Hand weapons
 u - a +0 blowgun (weapon)
Missiles
 b - 12 arrows
 f - 59 stones
 t - 12 poisoned needles (quivered)
Magical devices
 n - a wand of confusion (14)
Scrolls
 e - a scroll of enchant weapon {unknown}
 g - 2 scrolls of identify {unknown}
 j - 2 scrolls of teleportation {unknown}
 k - a scroll of remove curse {unknown}
 p - a scroll of fog {unknown}
 s - a scroll of random uselessness {unknown}
Potions
 c - a potion of flight {unknown}
 h - a potion of brilliance {unknown}
 i - a potion of magic {unknown}
 l - a potion of cure mutation {unknown}
 m - a potion of haste
 o - a potion of invisibility {unknown}
 q - 2 potions of curing {unknown}
Books
 d - a book of Changes

   Spells                             Type                      Level
   a - Beastly Appendage              Transmutation                1
   b - Sticks to Snakes               Transmutation                2
   c - Spider Form                    Transmutation/Poison         3
   d - Ice Form                       Ice/Transmutation            4
   e - Blade Hands                    Transmutation                5
Comestibles
 a - 4 bread rations
 r - 3 chunks of flesh


   Skills:
 - Level 1.0 Fighting
 - Level 2.0 Dodging
 - Level 3.0 Unarmed Combat
 - Level 2.0 Spellcasting
 + Level 5.9 Transmutations
 - Level 0.5 Poison Magic


You couldn't memorise any spells.
You knew the following spells:

 Your Spells              Type           Power        Failure   Level  Hunger
a - Beastly Appendage     Trmt           ###...       1%          1    #......
b - Spider Form           Trmt/Pois      ##........   17%         3    ###....
c - Ice Form              Ice/Trmt       ##......     75%         4    #####..


Dungeon Overview and Level Annotations

Branches:
Dungeon (3/15)

Altars:
Makhleb

Annotations:
Sewer Inchmeat's ghost, average GrFE


Innate Abilities, Weirdness & Mutations

You cannot wear most types of armour.
You are amphibious.
You can wear up to eight rings at the same time.
You can use your tentacles to constrict many enemies at once.
Your skin changes colour to match your surroundings (Stealth).
Your rubbery body absorbs attacks (AC +1).


Message History

The giant frog hits you.
Casting: Beastly Appendage
Confirm with . or Enter, or press ? or * to list all spells.
Okay, then.
The giant frog closely misses you. The giant frog hits you.
The giant frog hits you.
* * * LOW HITPOINT WARNING * * *
The giant frog hits you.
* * * LOW HITPOINT WARNING * * *
Unknown command.
Drink which item? (? for menu, Esc to quit)
It was a potion of haste.
You feel yourself speed up. The giant frog closely misses you.
The giant frog misses you.
You are very lightly contaminated with residual magic.
Drink which item? (? for menu, Esc to quit)
Okay, then.
The giant frog hits you.
* * * LOW HITPOINT WARNING * * *
The giant frog hits you!
You die...

≈≈.)[?≈...≈≈≈≈≈≈≈≈≈≈#
≈≈.[.(.≈≈≈≈≈≈≈≈≈≈≈≈#
≈≈≈.≈≈≈...≈≈≈≈≈≈≈≈≈#
≈≈≈≈≈≈≈≈∩≈≈≈≈#≈≈≈≈≈#
≈≈≈≈≈≈≈≈≈≈≈≈≈##≈≈≈≈≈#
≈≈≈≈≈≈≈≈(≈≈####≈≈≈≈.#
##≈≈≈≈≈≈#### #≈≈≈≈.#
####### #FF≈≈.#
#@≈≈≈.# #≈≈≈†.#
################≈≈†≈.#
..........≈≈...≈≈≈...#
######################


You could see 2 giant frogs.

Vanquished Creatures
  An iguana (D:3)
  Terence (D:2)
  2 river rats (D:3)
  6 adders
  5 giant mites
  A worm (D:2)
  5 giant geckos
  A ball python (D:3)
  5 bats
  13 giant cockroaches
  3 hobgoblins
  4 kobolds
  5 giant newts (Sewer)
  11 goblins
  10 rats
73 creatures vanquished.

Notes
Turn   | Place    | Note
--------------------------------------------------------------
     0 | D:1      | jacksonaction, the Octopode Transmuter, began the quest for the Orb.
     0 | D:1      | Reached XP level 1. HP: 13/13 MP: 3/3
    31 | D:1      | Reached XP level 2. HP: 6/18 MP: 2/4
   745 | D:1      | Reached XP level 3. HP: 23/23 MP: 6/6
   750 | D:1      | Learned a level 3 spell: Spider Form
  1337 | D:2      | Reached skill level 4 in Transmutations
  1337 | D:2      | Reached XP level 4. HP: 13/28 MP: 5/7
  1865 | D:2      | Noticed Terence
  1875 | D:2      | Killed Terence
  1972 | D:2      | Found a burning altar of Makhleb.
  2370 | D:3      | Reached skill level 5 in Transmutations
  2370 | D:3      | Reached XP level 5. HP: 24/33 MP: 5/9
  2376 | D:3      | Learned a level 4 spell: Ice Form
  2509 | D:3      | Found a glowing drain.
  2596 | Sewer    | Entered a sewer
  2913 | Sewer    | Noticed Inchmeat's ghost (average GrFE)
  3316 | Sewer    | Slain by a giant frog

Action                   |  1- 3 |  4- 6 || total
-------------------------+-------+-------++-------
Melee: Unarmed           |    63 |   120 ||   183
 Fire: Blowgun           |       |    14 ||    14
Throw: Stone             |    10 |    14 ||    24
 Cast: Beastly Appendage |    11 |    10 ||    21
       Spider Form       |     1 |     4 ||     5
Evoke: Wand              |       |     5 ||     5
  Use: Potion            |       |     1 ||     1
 Stab: Sleeping          |     5 |     5 ||    10
       Distracted        |       |     1 ||     1
  Eat: Chunk             |     2 |     7 ||     9
